AoeStats
← ING.PATRICK

Golden Pit

503060445Analyzed
1v1 RM · 1mo ago on Aug 30, 2026· 18m 36s· 2 players
Game mode
Random Map
Map size
Tiny (2 player)
Population
200
Speed
Normal
Resources
Standard
Victory
Conquest
Starting age
Dark Age
Ending age
Imperial Age
RankedLock teamsTeams togetherTeam positionsShared explorationLock speedFull tech treeHidden civsTurbo modeCheats
Victory
Defeat
🇵🇪 Spanish · Peru
814
+42
🇨🇱 Persians · Chile
874
-19
EscrotoelEscrotoncio
2:54 Loom
10:44 Feudal Age
11:54 Wheelbarrow
11:08 Double-Bit Axe
11:05 Horse Collar
15:42 Town Watch
ING.PATRICK
10:42 Feudal Age
14:52 Castle Age
14:08 Double-Bit Axe
14:04 Horse Collar
15:28 Loom
Connection lost

Rejoining the realm…

Still unreachable

The connection could not be restored.

Session expired

The server has moved on; the page needs a fresh start.